 Dungeon Crawl Stone Soup version 0.30-a0-54-g2e61a25929 (webtiles) character file.

Game seed: 9631965458625874329

3237 Newt the Spear-Bearer (level 9, -2/69 HPs)
             Began as a Demonspawn Gladiator on Sept 8, 2022.
             Was an Initiate of Kikubaaqudgha.
             Shot with an arrow by a centaur (5 damage)
             ... on level 7 of the Dungeon.
             The game lasted 00:07:56 (9252 turns).

Newt the Spear-Bearer (Demonspawn Gladiator)        Turns: 9252, Time: 00:07:57

Health: -2/69      AC: 13    Str: 18    XL:     9   Next: 66%
Magic:  9/9        EV: 13    Int: 10    God:    Kikubaaqudgha [......]
Gold:   498        SH:  0    Dex: 15    Spells: 8/8 levels left

rFire   . . .      SeeInvis .    m - +2 spear (venom)
rCold   . . .      Faith    .    (no shield)
rNeg    . . .      Spirit   .    b - +1 leather armour
rPois   .          Reflect  .    (helmet restricted)
rElec   .          Harm     .    (no cloak)
rCorr   .          Rampage  .    (no gloves)
Will    .....                    (no boots)
Stlth   ++........               (no amulet)
HPRegen 0.21/turn                (no ring)
MPRegen 0.11/turn                (no ring)

@: sanguine armoured
A: horns 2, spiny 1, sanguine armour 2
a: Renounce Religion


You were on level 7 of the Dungeon.
You worshipped Kikubaaqudgha.
Kikubaaqudgha was noncommittal.
You visited 2 branches of the dungeon, and saw 8 of its levels.

You collected 592 gold pieces.
You paid 94 gold pieces to Gozag.

Inventory:

Hand Weapons
 a - a +0 rapier
 m - a +2 spear of venom (weapon)
Missiles
 e - a javelin (quivered)
Armour
 b - a +1 leather armour (worn)
 c - a +0 helmet
Jewellery
 f - a ring of fire
 t - a ring of magical power
 x - a ring of positive energy
Scrolls
 k - a scroll of fear
 n - a scroll of torment
 p - a scroll of vulnerability
 q - a scroll of identify
 r - 2 scrolls of teleportation
 v - a scroll of enchant armour
Potions
 g - 4 potions of attraction
 i - a potion of might
 j - a potion of invisibility
 l - 2 potions of magic
 o - 5 potions of curing
 s - a potion of cancellation {unknown}
 w - a potion of lignification {unknown}


   Skills:
 - Level 6.0 Fighting
 - Level 2.6 Short Blades
 + Level 9.2 Polearms
 - Level 4.0 Throwing
 - Level 4.0 Armour
 - Level 4.0 Dodging
 - Level 2.0 Stealth


You had 8 spell levels left.
You didn't know any spells.
Your spell library was empty.

Dungeon Overview and Level Annotations

Branches:
Dungeon (7/15)             Temple (1/1) D:6

Altars:
Ashenzari
Cheibriados
Dithmenos
Fedhas
Gozag
Hepliaklqana
Kikubaaqudgha
Makhleb
Nemelex Xobeh
Okawaru
Qazlal
Ru
Sif Muna
Trog
Uskayaw
Vehumet
Wu Jian
Xom
Yredelemnul

Annotations:
D:3 2 transporters
D:7 Maggie


Innate Abilities, Weirdness & Mutations

You have a pair of horns on your head.
You are partially covered in sharp spines.
When seriously injured, your blood forms thick armour. (AC +9)


Message History

You hit the white imp.
The white imp is heavily wounded.
The centaur wields a +0 shortbow.
The centaur shoots an arrow.
The arrow barely misses you.
You reach to attack!
You barely miss the white imp.
The white imp is heavily wounded.
The centaur shoots an arrow.
The arrow barely misses you. The white imp gestures at you.
The puff of frost hits you.
You reach to attack!
You barely miss the white imp.
The white imp is heavily wounded.
The centaur shoots an arrow.
The arrow closely misses you.
You reach to attack!
You barely miss the white imp.
The white imp is heavily wounded.
Maggie casts a spell at you.
The bolt of fire hits the white imp!!
The white imp is burned terribly!
The white imp dies!
The bolt of fire hits you!!
Your blood congeals into armour.
The centaur shoots an arrow.
The arrow hits you.
You are too injured to fight recklessly!
You are too injured to fight recklessly!
The centaur shoots an arrow.
The arrow hits you but does no damage.
The centaur shoots an arrow.
The arrow closely misses you.
The centaur shoots an arrow.
The arrow closely misses you.
The centaur shoots an arrow.
The arrow closely misses you.
The centaur shoots an arrow.
The arrow hits you.
The centaur shoots an arrow.
The arrow hits you.
The centaur shoots an arrow.
The arrow hits you!
* * * LOW HITPOINT WARNING * * *
Maggie gestures at you while chanting. The bolt of fire misses you.
The centaur shoots an arrow.
The arrow hits you.
* * * LOW HITPOINT WARNING * * *
Maggie points at you and mumbles some strange words.
The bolt of fire hits you!
* * * LOW HITPOINT WARNING * * *
The centaur shoots an arrow.
The arrow hits you but does no damage.
The centaur shoots an arrow.
The arrow hits you.
You die...
Kikubaaqudgha rasps: "You have failed me!
Welcome... death!"

#....# ##.. #....## ###...
####..# ##..... ##.# ##...... #.#
##....... #.# ###........
####.#########.........#
######......................#
#####...........@###########.....
..........##.....# ######
.....#######....## ..#### ##....#
### ###.....## .........##
........@..## ...c........###
..............##


You could see Maggie and a centaur.

Vanquished Creatures
  Pikel (D:4)
  2 wyverns
  A steam dragon (D:6)
  Menkaure (D:4)
  A water moccasin (D:4)
  An ice beast (D:5)
  2 orc warriors (D:6)
  2 black bears
  2 ogres (D:5)
  A phantom (D:5)
  A lemure (D:4)
  A bullfrog (D:5)
  2 scorpions (D:4)
  A necrophage (D:4)
  5 wights (D:6)
  7 orc priests
  3 hounds
  2 jellies (D:6)
  7 iguanas
  7 orc wizards
  Robin (D:4)
  5 adders
  3 gnolls (D:2)
  A shadow imp (D:6)
  A white imp (D:6)
  An ufetubus (D:5)
  2 worms
  2 dart slugs
  11 orcs
  4 ball pythons
  2 bats
  4 endoplasms
  3 giant cockroaches
  18 goblins
  8 hobgoblins
  2 jackals (D:2)
  3 kobolds
  6 quokkas
  3 frilled lizards
  4 rats
134 creatures vanquished.

Vanquished Creatures (others)
  A white imp (D:7)
  3 plants (D:6)
4 creatures vanquished.

Grand Total: 138 creatures vanquished

Notes
Turn   | Place    | Note
-------+----------+-------------------------------------------
     0 | D:1      | Newt the Demonspawn Gladiator began the quest for the Orb.
     0 | D:1      | Reached XP level 1. HP: 16/16 MP: 1/1
    46 | D:1      | You fall into a shaft and drop 1 floor!
   229 | D:1      | Reached skill level 1 in Stealth
   333 | D:1      | Gained mutation: When seriously injured, your blood forms
                  | armour. (AC +9) [demonic ancestry]
   333 | D:1      | Reached XP level 2. HP: 21/22 MP: 2/2
  1242 | D:2      | Reached XP level 3. HP: 28/28 MP: 3/3
  1863 | D:2      | Gained mutation: You have a pair of small horns on your
                  | head. [demonic ancestry]
  1863 | D:2      | Reached XP level 4. HP: 22/37 MP: 4/4
  2347 | D:3      | Found a transporter.
  2811 | D:3      | Found an ornate altar of the Wu Jian Council.
  2846 | D:3      | Reached skill level 1 in Polearms
  2957 | D:3      | Found a transporter.
  3252 | D:4      | Noticed Menkaure
  3259 | D:4      | Killed Menkaure
  3260 | D:4      | Reached skill level 3 in Polearms
  3260 | D:4      | Reached XP level 5. HP: 20/42 MP: 5/5
  3452 | D:4      | Noticed a water moccasin
  3463 | D:4      | Killed a water moccasin
  3464 | D:4      | Reached skill level 4 in Polearms
  3464 | D:4      | Gained mutation: You have a pair of horns on your head.
                  | [demonic ancestry]
  3464 | D:4      | Reached XP level 6. HP: 41/48 MP: 6/6
  3514 | D:4      | Noticed Pikel
  3553 | D:4      | Killed Pikel
  3554 | D:4      | Reached skill level 5 in Polearms
  3554 | D:4      | Gained mutation: When seriously injured, your blood forms
                  | thick armour. (AC +9) [demonic ancestry]
  3554 | D:4      | Reached XP level 7. HP: 19/54 MP: 7/7
  3853 | D:4      | Identified the +7 broad axe "Gocriong" {freeze, rPois rC+}
  4416 | D:4      | Gained mutation: You are partially covered in sharp spines.
                  | [demonic ancestry]
  4416 | D:4      | Reached XP level 8. HP: 60/60 MP: 8/8
  4551 | D:4      | Identified the +1 helmet of the Beginning {*Corrode rElec
                  | rC++ Slay+2}
  4551 | D:4      | Noticed Robin
  4581 | D:4      | Killed Robin
  5038 | D:4      | Found a blossoming altar of Fedhas.
  5337 | D:5      | Entered Level 5 of the Dungeon
  5344 | D:5      | Found an opulent altar of Gozag.
  5834 | D:5      | Reached skill level 5 in Fighting
  5856 | D:5      | Became a worshipper of Gozag Ym Sagoz the Greedy
  6261 | D:5      | Reached skill level 6 in Polearms
  6867 | D:5      | Found a bloodstained altar of Trog.
  6868 | D:5      | Found a stormy altar of Qazlal.
  6887 | D:6      | Reached XP level 9. HP: 68/69 MP: 9/9
  6926 | D:6      | Found a snail-covered altar of Cheibriados.
  6959 | D:6      | Identified the +5 dagger of Tile {freeze, rElec rF+ Int+6}
  6991 | D:6      | Reached skill level 7 in Polearms
  7386 | D:6      | Found a staircase to the Ecumenical Temple.
  7392 | Temple   | Entered the Ecumenical Temple
  7601 | Temple   | Fell from the grace of Gozag
  7601 | Temple   | Became a worshipper of Kikubaaqudgha
  7633 | D:6      | Reached skill level 8 in Polearms
  8012 | D:6      | Found a shimmering blue altar of Sif Muna.
  8506 | D:6      | Reached skill level 9 in Polearms
  9235 | D:7      | Noticed Maggie
  9250 | D:7      | HP: 2/69 [Maggie/bolt of fire (12)]
  9252 | D:7      | Shot with an arrow by a centaur

Illustrated notes

Levels and vault maps discovered:
D:1:      sevenhm_arrival_forest_fort_large_4, layout_basic, minmay_statues_item
D:2:      layout_loops_ring
D:3:      gammafunk_steamed_eel, layout_basic, pdpol_wu_jian_five_deadly_venoms,
          marbit_many_paths, grunt_decor_resistance
D:4:      layout_basic, mainiacjoe_overflow_cross_hatched, uniq_robin,
          uniq_pikel, uniq_menkaure
D:5:      minmay_diamond_boxcup, layout_loops_cross,
          mainiacjoe_overflow_small_starburst, gammafunk_temple_overflow_statue
D:6:      layout_basic, mainiacjoe_overflow_concentric_impassable,
          kennysheep_little_box, minmay_temple_entry_gardened_gates
D:7:      layout_cave_pods, grunt_ministairs_4, uniq_maggie, uniq_joseph
Temple:   eino_narrow_crystal_temple

Skill      XL: |  1  2  3  4  5  6  7  8  9 |
---------------+----------------------------+-----
Stealth        | 1 2 |  2.0
Fighting       | 3 4 6 |  6.0
Polearms       | 3 4 5 6 9 |  9.2
Dodging        | 4 |  4.0
Armour         | 3 4 |  4.0
Throwing       | 2 4 |  4.0
Short Blades   | |  2.6

Action                   |  1- 3 |  4- 6 |  7- 9 || total
-------------------------+-------+-------+-------++-------
Melee: Rapier            |   102 |     6 |       ||   108
       Punch             |     1 |     1 |     3 ||     5
       Spear             |       |    57 |   314 ||   371
       Headbutt          |       |    16 |    50 ||    66
Throw: Javelin           |     1 |       |       ||     1
       Throwing net      |       |     1 |     3 ||     4
  Use: Potion            |       |     5 |     1 ||     6
       Scroll            |       |     4 |     4 ||     8
 Stab: Sleeping          |     3 |     6 |     9 ||    18
       Distracted        |       |       |     2 ||     2
       Held in net/web   |       |       |     2 ||     2
Armor: Leather armour    |    26 |     7 |    55 ||    88
Dodge: Dodged            |    63 |    33 |   128 ||   224

Table legend: (Time is in decaauts)
 A = Elapsed time spent in this place.
 B = Non-inter-level travel time spent in this place.
 C = Inter-level travel time spent in this place.
 D = Time resting spent in this place.
 E = Time spent auto-exploring this place.
 F = Levels seen in this place.
 G = Mean time per level.
                   A        B        C        D        E       F      G
               +--------+--------+--------+--------+--------+-----+--------+
         Total |   9189 |   9003 |    186 |   2767 |   5322 |   8 | 1148.6 |
       Dungeon |   8965 |   8823 |    142 |   2767 |   5149 |   7 | 1280.7 |
        Temple |    224 |    180 |     44 |      0 |    173 |   1 |  224.0 |
               +--------+--------+--------+--------+--------+-----+--------+

Top non-repeatable levels by time:
     D:4: 2105 daAuts
     D:6: 1669 daAuts
     D:5: 1526 daAuts
     D:1: 1179 daAuts
     D:2: 1139 daAuts
     D:3: 905 daAuts
     D:7: 439 daAuts
  Temple: 224 daAuts
